cohdb
Replays
Latest Replays
All Replays
Popular Replays
Top Player Replays
Match Explorer
How It Works
Community
CoH3 Stats
Reddit
Sign in to upload your games and track your stats! →
Sign in with Steam
Match 43276020
Unlisted
Match 43276020
Overview
Messages
Build Orders
End
Panzergrenadier Squad
250 Light Carrier
Selects Battlefield Espionage Battlegroup
Panzergrenadier Squad
Construct Light Support Kompanie
Selects 250/3 Funkpanzerwagen
250/3 Funkpanzerwagen
Fire Support Elements
MG34 Team
Pak 38 Mechanized Group
Selects Intel Disruption Beacon
Selects Intel Disruption Beacon
Combat Half-tracks
Panzergrenadier Squad
Advanced Field Repairs
2.5-tonne Medical Truck
Selects Plunder
MG34 Team
Construct Panzerarmee Kommand
Walking Stuka Rocket Launcher
Selects Firestorm
Selects Anti-Tank Incendiary Munitions
Emergency Repair Kits
Panzerpioneer Squad
250/3 Funkpanzerwagen
Panzergrenadier Squad
Walking Stuka Rocket Launcher
Veteran Squad Leaders
Pak 38 Anti-tank Gun Team
Panzerjäger Mechanized Group
Selects Operation Skorpion
Flak 36 Anti-tank Gun Team
Space5
Timezeit
Ryan
vincent
B1t
DinnerLord
SkyCurv
MisakaKenshin
0
0
Comments
sign in to comment!
No comments posted yet!